 Dungeon Crawl Stone Soup version 0.28-a0-793-g31680bbd8b (webtiles) character file.

Game seed: 2107284317174136911

1987 ytrimaz the Cutter (level 9, -22/66 HPs)
             Began as a Demonspawn Fighter on Nov 4, 2021.
             Was an Initiate of Makhleb.
             Blown up by Maggie (25 damage)
             ... with a mindburst bolt
             ... on level 6 of the Dungeon.
             The game lasted 00:05:05 (5641 turns).

ytrimaz the Cutter (Demonspawn Fighter)             Turns: 5641, Time: 00:05:05

Health: -22/66     AC:  9    Str: 20    XL:     9   Next: 1%
Magic:  0/9        EV: 11    Int: 10    God:    Makhleb [......]
Gold:   228        SH:  5    Dex: 16    Spells: 8/8 levels left

rFire   . . .      SeeInvis .   j - +1 dagger (venom)
rCold   + . .      Faith    .   c - +0 buckler
rNeg    . . .      Spirit   +   n - +2 scale mail {rC+}
rPois   .          Reflect  .   (helmet restricted)
rElec   .          Harm     .   (no cloak)
rCorr   .          Rampage  .   (no gloves)
Will    .....                   (no boots)
Stlth   ++........              e - amulet of guardian spirit
HPRegen 0.21/turn               f - +4 ring of slaying
MPRegen 0.11/turn               (no ring)

@: no status effects
A: antennae 2, thin skeletal structure 2, spiny 1
a: Renounce Religion


You were on level 6 of the Dungeon.
You worshipped Makhleb.
Makhleb was noncommittal.
You visited 2 branches of the dungeon, and saw 7 of its levels.

You collected 228 gold pieces.

Inventory:

Hand Weapons
 a - a +0 rapier
 j - a +1 dagger of venom (weapon)
Armour
 c - a +0 buckler (worn)
 n - a +2 scale mail of cold resistance (worn)
Jewellery
 b - a ring of magical power
 e - an amulet of guardian spirit (around neck)
 f - a +4 ring of slaying (left hand)
Wands
 p - a wand of paralysis (1)
Scrolls
 m - a scroll of blinking
Potions
 d - a potion of might
 g - 4 potions of curing
 h - a potion of invisibility
 i - a potion of haste
 k - a potion of lignification {unknown}
 o - a potion of ambrosia {unknown}
 q - a potion of magic {unknown}


   Skills:
 + Level 4.5 Fighting
 * Level 7.4 Short Blades
 + Level 5.8 Armour
 * Level 4.0 Dodging
 + Level 3.7 Shields
 + Level 0.2 Evocations


You had 8 spell levels left.
You didn't know any spells.
Your spell library contained the following spells:

 Spells                   Type           Power      Damage    Failure   Level
 Animate Skeleton         Necr           0%         N/A       71%         1
 Apportation              Tloc           0%         N/A       71%         1
 Slow                     Hex            0%         N/A       71%         1
 Sting                    Tmut/Pois      0%         1d3       71%         1
 Summon Small Mammal      Summ           0%         N/A       71%         1
 Poisonous Vapours        Pois/Air       0%         N/A       83%         2
 Confusing Touch          Hex            0%         N/A       97%         3
 Olgreb's Toxic Radiance  Pois           0%         N/A       100%        4
 Yara's Violent Unravell  Hex/Tmut       0%         3d3       100%        5


Dungeon Overview and Level Annotations

Branches:
Dungeon (6/15)             Temple (1/1) D:6

Altars:
Ashenzari
Dithmenos
Elyvilon
Fedhas
Gozag
Hepliaklqana
Makhleb
Okawaru
Qazlal
Ru
Sif Muna
Uskayaw
Xom
Yredelemnul
Zin

Annotations:
D:6 Maggie


Innate Abilities, Weirdness & Mutations

You have a pair of antennae on your head.
You have a moderately thin skeletal structure. (Dex +4, Stealth++)
You are partially covered in sharp spines.


Message History

You are too injured to fight recklessly!
You are too injured to fight recklessly!
You are too injured to fight recklessly!
You are too injured to fight recklessly!
You are too injured to fight recklessly!
You are too injured to fight recklessly!
You are too injured to fight recklessly!
You are too injured to fight recklessly!
You are too injured to fight recklessly!
You are too injured to fight recklessly!
You are too injured to fight recklessly!
You are too injured to fight recklessly!
You are too injured to fight recklessly!
You hit Maggie.
Maggie looks as sick as possible!
Maggie is lightly wounded.
You hit Maggie but do no damage.
Maggie looks as sick as possible!
Maggie is lightly wounded.
Maggie practices a pose.
Maggie closely misses you.
You hit Maggie.
Maggie is lightly wounded.
You hit Maggie.
Maggie is moderately wounded.
Maggie zaps a wand.
Your mind is blasted!
* * * LOW HITPOINT WARNING * * *
You hit Maggie.
Maggie is moderately wounded.
Maggie zaps a wand.
You struggle to resist.
You hit Maggie.
Maggie looks as sick as possible!
Maggie is moderately wounded.
Unknown command.
Maggie closely misses you.
Maggie zaps a wand.
You struggle to resist.
Maggie zaps a wand.
You struggle to resist.
Maggie zaps a wand.
You struggle to resist.
Maggie says, "Fear not.
I will immortalize you in the tale of my first kill."
Maggie zaps a wand.
Your mind is blasted!
* * * LOW HITPOINT WARNING * * *
Maggie zaps a wand.
Your mind is blasted!
You die...

######### #.@..@..#
*********########.####.##
,,,,,,,,,...........##.#
*********########.#.##.#
******###.....^#.#.##.####
*,,,,,,........@......##.#
*,###*###>####.#.#.#...#.# *,..#
#.....##.#.#.......####### **#.#
#........#.#.....#........ ## #.#
#.....####.##..###........ .###.#
#.....# #.......#..†.....
.....#####...# ######.###........
.............###.................
.#....######...#.##.#.####.......


You could see Maggie (very poisoned).

Vanquished Creatures
  Pikel (D:6)
  Menkaure (D:6)
  2 water moccasins (D:6)
  A sky beast (D:6)
  A necrophage (D:4)
  An ice beast (D:3)
  A centaur (D:5)
  A lemure (D:6)
  A phantom (D:5)
  Blork the orc (D:6)
  A bullfrog (D:5)
  A scorpion (D:4)
  A water moccasin skeleton (D:4)
  2 bullfrog zombies
  2 hounds
  A centaur zombie (D:6)
  An orc priest (D:4)
  Jessica (D:2)
  An iguana (D:6)
  4 orc wizards (D:4)
  Natasha (thrice) (D:2)
  7 adders
  A worm (D:5)
  3 dart slugs
  15 orcs
  6 ball pythons
  4 endoplasms
  A giant cockroach (D:3)
  6 goblins
  7 hobgoblins
  4 jackals (D:1)
  7 kobolds
  4 quokkas
  3 bats
  3 frilled lizards
  3 rats
103 creatures vanquished.

Notes
Turn   | Place    | Note
-------+----------+-------------------------------------------
     0 | D:1      | ytrimaz the Demonspawn Fighter began the quest for the Orb.
     0 | D:1      | Reached XP level 1. HP: 18/18 MP: 1/1
   293 | D:1      | Gained mutation: You have a pair of small antennae on your
                  | head. [demonic ancestry]
   293 | D:1      | Reached XP level 2. HP: 14/24 MP: 2/2
   297 | D:1      | Reached skill level 2 in Short Blades
   732 | D:2      | Noticed Jessica
   742 | D:2      | Killed Jessica
   743 | D:2      | Gained mutation: You have a pair of antennae on your head.
                  | [demonic ancestry]
   743 | D:2      | Reached XP level 3. HP: 21/29 MP: 3/3
   754 | D:2      | Reached skill level 1 in Dodging
   876 | D:2      | Gained mutation: You are partially covered in sharp spines.
                  | [demonic ancestry]
   876 | D:2      | Reached XP level 4. HP: 31/35 MP: 2/4
   914 | D:2      | Noticed Natasha
   917 | D:2      | Killed Natasha
  1143 | D:2      | Noticed Natasha
  1153 | D:2      | Killed Natasha
  1154 | D:2      | Reached skill level 3 in Short Blades
  1227 | D:2      | Noticed Natasha
  1234 | D:2      | Killed Natasha
  1235 | D:2      | Gained mutation: You have a somewhat thin skeletal
                  | structure. (Dex +2, Stealth+) [demonic ancestry]
  1235 | D:2      | Reached XP level 5. HP: 31/41 MP: 5/5
  1826 | D:3      | Noticed an ice beast
  1839 | D:3      | Killed an ice beast
  1840 | D:3      | Reached skill level 4 in Short Blades
  2092 | D:3      | Reached XP level 6. HP: 48/48 MP: 6/6
  2229 | D:3      | Found a faded altar of an unknown god.
  2729 | D:4      | Reached skill level 5 in Short Blades
  2729 | D:4      | Reached XP level 7. HP: 49/53 MP: 7/7
  2919 | D:4      | Found a shimmering blue altar of Sif Muna.
  2919 | D:4      | Found an opulent altar of Gozag.
  3301 | D:5      | Entered Level 5 of the Dungeon
  3948 | D:5      | Reached skill level 6 in Short Blades
  4463 | D:6      | Noticed Pikel
  4466 | D:6      | Noticed Blork the orc
  4471 | D:6      | Noticed Menkaure
  4486 | D:6      | Killed Pikel
  4487 | D:6      | Reached skill level 5 in Armour
  4487 | D:6      | Gained mutation: You have a moderately thin skeletal
                  | structure. (Dex +4, Stealth++) [demonic ancestry]
  4487 | D:6      | Reached XP level 8. HP: 49/60 MP: 5/8
  4496 | D:6      | Killed Menkaure
  4504 | D:6      | Killed Blork the orc
  4851 | D:6      | Reached skill level 7 in Short Blades
  5036 | D:6      | Found a staircase to the Ecumenical Temple.
  5080 | Temple   | Entered the Ecumenical Temple
  5145 | Temple   | Became a worshipper of Makhleb the Destroyer
  5206 | D:6      | Reached XP level 9. HP: 32/66 MP: 6/9
  5619 | D:6      | Noticed Maggie
  5640 | D:6      | HP: 3/66 [disintegration (11)]
  5641 | D:6      | Blown up by Maggie

Illustrated notes

Levels and vault maps discovered:
D:1:      minmay_arrival_diagonal_passages, layout_rooms, minmay_cut_off
D:2:      layout_loops_cross, chequers_garden, uniq_jessica, uniq_natasha
D:3:      layout_basic, hellmonk_ecumenical_altar_inner_sanctum,
          kennysheep_generic_room_2
D:4:      layout_cave_pools, amethyst_overflow_temple_binary, patterned_corridor
D:5:      layout_layer_cave, chequers_serial_rivers_marsh
D:6:      layout_basic, minmay_temple_entry_sparse_star, uniq_menkaure,
          uniq_pikel, uniq_blork_the_orc, uniq_maggie
Temple:   nicolae_temple_god_jail

Skill      XL: |  1  2  3  4  5  6  7  8 |
---------------+-------------------------+-----
Short Blades   | 2 3 4 5 6 7 |  7.4
Armour         | 3 5 |  5.8
Dodging        | 1 2 3 4 |  4.0
Shields        | 3 |  3.7
Fighting       | 4 |  4.5
Evocations     | |  0.2

Action                   |  1- 3 |  4- 6 |  7- 9 || total
-------------------------+-------+-------+-------++-------
Melee: Rapier            |    68 |    59 |    15 ||   142
       Dagger            |       |    58 |   141 ||   199
Evoke: Wand              |       |       |     2 ||     2
  Use: Scroll            |     2 |     1 |     6 ||     9
Armor: Scale mail        |    42 |    34 |    46 ||   122
Dodge: Dodged            |    40 |    37 |    49 ||   126
Block: Buckler           |    16 |    20 |    25 ||    61

Table legend: (Time is in decaauts)
 A = Elapsed time spent in this place.
 B = Non-inter-level travel time spent in this place.
 C = Inter-level travel time spent in this place.
 D = Time resting spent in this place.
 E = Time spent auto-exploring this place.
 F = Levels seen in this place.
 G = Mean time per level.
                   A        B        C        D        E       F      G
               +--------+--------+--------+--------+--------+-----+--------+
         Total |   5621 |   5537 |     84 |    528 |   4162 |   7 |  803.0 |
       Dungeon |   5543 |   5471 |     72 |    528 |   4133 |   6 |  923.8 |
        Temple |     78 |     66 |     12 |      0 |     29 |   1 |   78.0 |
               +--------+--------+--------+--------+--------+-----+--------+

Top non-repeatable levels by time:
     D:5: 1153 daAuts
     D:6: 1073 daAuts
     D:2: 1019 daAuts
     D:4: 885 daAuts
     D:3: 738 daAuts
     D:1: 673 daAuts
  Temple: 78 daAuts
